 Dungeon Crawl Stone Soup version 0.29-a0-925-g0a7a3d12f8 (webtiles) character file.

Game seed: 1067304650370451833

6663 sanka the Destroyer (level 11, -5/84 HPs)
             Began as a Gnoll Conjurer on July 28, 2022.
             Was a Believer of Ashenzari.
             Shot with a sling bullet by Joseph (16 damage)
             ... on level 10 of the Dungeon.
             The game lasted 00:26:31 (12447 turns).

sanka the Destroyer (Gnoll Conjurer)               Turns: 12447, Time: 00:26:31

Health: -5/84      AC:  8    Str:  7    XL:     11   Next: 3%
Magic:  26/33      EV: 13    Int: 33    God:    Ashenzari [**....]
Gold:   461        SH:  0    Dex: 11    Spells: 16/28 levels left

rFire   . . .      SeeInvis +   a - +0 halberd of the Shattered Augurer {Self, Comp} (curse)
rCold   . . .      Faith    .   (shield currently unavailable)
rNeg    . . .      Spirit   .   M - +3 leather armour of Existentialism {MP+9}
rPois   .          Reflect  .   l - +2 hat "Visionary Inconvenience" {Alch, Range} (curse)
rElec   .          Harm     .   (no cloak)
rCorr   .          Rampage  .   (no gloves)
Will    .....                   (no boots)
Stlth   +++.......              (no amulet)
HPRegen 0.24/turn               C - +6 ring of intelligence
MPRegen 0.23/turn               j - ring "Jealousy of Ashenzari" {Int+6, Bglg, Elem} (curse)

@: no status effects
A: fangs 1, strong nose, distributed training
a: Renounce Religion, Shatter the Chains


You were on level 10 of the Dungeon.
You worshipped Ashenzari.
Ashenzari was pleased with you.
You visited 2 branches of the dungeon, and saw 11 of its levels.
You also visited: Sewer.

You collected 461 gold pieces.


Innate Abilities, Weirdness & Mutations

You have very sharp teeth.
Your uncanny sense of smell can sniff out nearby items.
Your experience applies equally to all skills.


   Skills:
 + Level 6.1(7.3) Fighting
 + Level 6.1 Short Blades
 + Level 6.1 Long Blades
 + Level 6.1 Axes
 + Level 6.1 Maces & Flails
 + Level 6.1 Polearms
 + Level 6.1 Staves
 + Level 6.1(7.3) Ranged Weapons
 + Level 6.1(7.3) Throwing
 + Level 6.1 Armour
 + Level 7.7 Dodging
 + Level 7.4 Stealth
 + Level 6.1 Shields
 + Level 6.1 Unarmed Combat
 + Level 8.0(9.2) Spellcasting
 + Level 8.8(10.1) Conjurations
 + Level 5.0(6.2) Hexes
 + Level 5.0(6.2) Summonings
 + Level 5.0(6.2) Necromancy
 + Level 5.0(6.2) Translocations
 + Level 5.0(6.2) Transmutations
 + Level 5.0(6.2) Fire Magic
 + Level 5.0(6.2) Ice Magic
 + Level 5.0(6.2) Air Magic
 + Level 5.0(6.2) Earth Magic
 + Level 5.0(6.2) Poison Magic
 + Level 6.6 Invocations
 + Level 6.1 Evocations


You had 16 spell levels left.
You knew the following spells:

 Your Spells              Type           Power      Damage    Failure   Level
x - Searing Ray           Conj           100%       2d8       1%          2
z - Magic Dart            Conj           100%       1d8       1%          1
X - Freezing Cloud        Conj/Ice/Air   30%        6-21      5%          5
Z - Fulminant Prism       Conj/Hex       31%        3d16      1%          4

Your spell library contained the following spells:

 Spells                   Type           Power      Damage    Failure   Level
 Necrotise                Necr           100%       1d9       1%          1
 Dazzling Flash           Conj/Hex       100%       N/A       1%          3
 Ignite Poison            Fire/Tmut/Pois 54%        N/A       1%          3
 Mephitic Cloud           Conj/Pois/Air  60%        N/A       1%          3
 Vampiric Draining        Necr           54%        2d9       1%          3
 Iskenderun's Mystic Bla  Conj/Tloc      62%        2d13      1%          4
 Agony                    Necr           54%        N/A       10%         5
 Simulacrum               Ice/Necr       27%        N/A       45%         6
 Polar Vortex             Ice            27%        N/A       100%        9

Inventory:

Hand Weapons
 a - the cursed +0 halberd of the Shattered Augurer (weapon) {Self, Comp}

   It has a curse which improves the following skills: Introspection: Fighting
   and Spellcasting.
   Companions: Summonings and Necromancy.
 b - a +0 dagger
Missiles
 o - 3 throwing nets {=f}
 u - a curare-tipped dart {=f}
 y - 8 javelins
Armour
 l - the cursed +2 hat "Visionary Inconvenience" (worn) {Alch, Range}

   It has a curse which improves the following skills: Alchemy: Poison Magic and
   Transmutations.
   Ranged Combat: Ranged Weapons and Throwing.
 H - a +0 helmet
 M - the +3 leather armour of Existentialism (worn) {MP+9}

   MP:        It affects your magic capacity (+9).
Jewellery
 j - the cursed ring "Jealousy of Ashenzari" (right hand) {Int+6, Bglg, Elem}

   [ring of intelligence]

   Int:       It affects your intelligence (+6).
   It has a curse which improves the following skills: Beguiling: Conjurations,
   Hexes and Translocations.
   Elements:  Fire Magic, Ice Magic, Air Magic and Earth Magic.
 p - an amulet of guardian spirit
 q - a +4 ring of evasion
 C - a +6 ring of intelligence (left hand)
 N - a +4 ring of protection
Wands
 m - a wand of polymorph (12)
 z - a wand of iceblast (6)
 D - a wand of flame (13)
 F - a wand of mindburst (21)
Scrolls
 g - a scroll of vulnerability {!r}
 k - 6 scrolls of teleportation {@r4}
 n - a scroll of summoning
 r - 2 scrolls of enchant armour
 t - a scroll of silence {!r}
 x - a scroll of enchant weapon
 A - a scroll of poison {!r}
 E - 3 scrolls of immolation {!r}
 I - 4 scrolls of amnesia
 J - 2 scrolls of fog
 K - a scroll of blinking
 O - a scroll of magic mapping
Potions
 c - 3 potions of attraction {!q}
 d - a potion of flight
 e - 6 potions of heal wounds {@q2}
 f - a potion of lignification {!q}
 h - a potion of invisibility
 i - 6 potions of curing {@q1}
 s - 2 potions of cancellation
 v - 2 potions of magic
 w - 2 potions of mutation {!q}
 B - 3 potions of brilliance
 G - 5 potions of haste {@q3}
 L - 2 potions of might

Dungeon Overview and Level Annotations

Branches:
Dungeon (10/15)            Temple (1/1) D:6            Lair (0/5) D:8
  Sewer (visited)
    Orc: D:9-12

Altars:
Ashenzari
Cheibriados
Dithmenos
Elyvilon
Fedhas
Gozag
Hepliaklqana
Kikubaaqudgha
Makhleb
Nemelex Xobeh
Okawaru
Qazlal
Ru
Sif Muna
Uskayaw
Vehumet
Wu Jian
Xom
Yredelemnul
Zin
The Shining One
Jiyva

Annotations:
D:8 2 transporters, Vorhees's ghost, novice DjNe
D:9 1 transporter
D:10 Joseph

.........▒ ,
.........▒
........>▒ ,
.........▒ ░ ░
▒.........▒ ░
▒.........▒
▒.........▒ ░ ▒
░▒▒▒.......<.▒▒▒?▒▒
░ ░
£.........g.......
,
............?.....
, ,
..........?.......
░ ░
▒.......O.▒▒▒.▒▒░
▒.........▒ ░ ▒
▒.....@...▒ ,░
▒£.....YY.▒
▒.........▒
▒........£▒ ,


You could see Joseph, a two-headed ogre and 2 yaks.


Message History

Joseph shoots a sling bullet.
The sling bullet closely misses you.
Unknown command.
Joseph shoots a sling bullet.
The sling bullet hits you!
* * * LOW HITPOINT WARNING * * *
Found 22 gold pieces.
Your surroundings seem slightly different.
Found 12 gold pieces.
Joseph unwields a +0 sling.
Joseph wields a +1 spectral quarterstaff.
Joseph barely misses you.
Found a scroll of teleportation.
Joseph unwields a +1 spectral quarterstaff.
Joseph wields a +0 sling.
Joseph shoots a sling bullet.
The sling bullet hits you!
* * * LOW HITPOINT WARNING * * *
Joseph shoots a sling bullet.
The sling bullet hits you.
* * * LOW HITPOINT WARNING * * *
Joseph shoots a sling bullet.
The sling bullet hits you!
* * * LOW HITPOINT WARNING * * *
You see here a scroll of amnesia.
Joseph shoots a sling bullet.
The sling bullet barely misses you.
Joseph shoots a sling bullet.
The sling bullet hits you!
You die...

Action                   |  1- 3 |  4- 6 |  7- 9 | 10-12 || total
-------------------------+-------+-------+-------+-------++-------
Melee: Spear             |     2 |     3 |       |       ||     5
       Halberd           |       |     6 |    77 |    70 ||   153
       Bite              |       |     1 |     9 |     4 ||    14
 Cast: Magic Dart        |    52 |   118 |   129 |    88 ||   387
       Searing Ray       |       |     8 |    26 |     8 ||    42
       Fulminant Prism   |       |       |    26 |    30 ||    56
Invok: Curse Item        |       |       |     1 |     2 ||     3
  Use: Scroll            |       |       |       |     1 ||     1
       Potion            |       |       |       |     1 ||     1
 Stab: Distracted        |       |       |       |     1 ||     1
Armor: Robe              |     1 |     6 |    10 |       ||    17
       Leather armour    |       |       |    23 |    49 ||    72
Dodge: Dodged            |     2 |    30 |   171 |   157 ||   360

Levels and vault maps discovered:
D:1:      minmay_arrival_five_plusses, layout_basic, chequers_decorated_corner
D:2:      layout_rooms, ebering_ecumenical_altar_box, basic_altar, uniq_natasha,
          uniq_terence
D:3:      layout_rooms, chequers_temple_overflow_statue_of_worship
D:4:      layout_loops_corners, lemuel_doored_altar, fedhas_altar_decomposition,
          nicolae_uskayaw_suspiria, uniq_ijyb, uniq_duvessa, uniq_blork_the_orc
D:5:      layout_loops_ring, mainiacjoe_overflow_swirl, gup_sewer_entry_bowl,
          minmay_fire_ice_demons, uniq_sigmund
D:6:      layout_rooms, minmay_temple_entry_sparse_star
D:7:      layout_loops_ring, kennysheep_little_box,
          nicolae_concentric_dashed_squares_wild, amethyst_killhole,
          chequers_jeans, nicolae_water_bricks
D:8:      layout_cave_pods, david_lair_shrubbed, serial_demonic,
          serial_demonic_e, serial_demonic_f, serial_demonic_d,
          serial_demonic_d, serial_demonic_f, serial_demonic_e,
          serial_demonic_e, serial_demonic_a, gammafunk_ghost_smash,
          minmay_checkerbox, uniq_grum
D:9:      gammafunk_jiyva_shrine, layout_basic, nicolae_ru_sacrificial_ziggurat,
          grunt_ogre_cave
D:10:     layout_cross, mainiacjoe_overflow_small_starburst, orc_david_3,
          uniq_joseph, uniq_harold
Temple:   hellmonk_temple_two_chambers

Notes
Turn   | Place    | Note
-------+----------+-------------------------------------------
     0 | D:1      | sanka the Gnoll Conjurer began the quest for the Orb.
     0 | D:1      | Reached XP level 1. HP: 13/13 MP: 6/6
   177 | D:1      | Reached XP level 2. HP: 19/19 MP: 5/7
   498 | D:1      | Reached skill level 5 in Spellcasting
   498 | D:1      | Reached XP level 3. HP: 25/25 MP: 6/9
   629 | D:1      | Reached skill level 1 in Invocations
   684 | D:1      | Learned a level 2 spell: Searing Ray
   802 | D:1      | Reached skill level 1 in Fighting
   802 | D:1      | Reached skill level 1 in Short Blades
   802 | D:1      | Reached skill level 1 in Long Blades
   802 | D:1      | Reached skill level 1 in Axes
   802 | D:1      | Reached skill level 1 in Maces & Flails
   802 | D:1      | Reached skill level 1 in Polearms
   802 | D:1      | Reached skill level 1 in Staves
   802 | D:1      | Reached skill level 1 in Ranged Weapons
   802 | D:1      | Reached skill level 1 in Throwing
   802 | D:1      | Reached skill level 1 in Armour
   802 | D:1      | Reached skill level 1 in Shields
   802 | D:1      | Reached skill level 1 in Unarmed Combat
   802 | D:1      | Reached skill level 1 in Evocations
   898 | D:2      | Reached XP level 4. HP: 32/32 MP: 8/11
   899 | D:2      | Noticed Terence
   910 | D:1      | Killed Terence
   911 | D:1      | Reached skill level 1 in Hexes
   911 | D:1      | Reached skill level 1 in Summonings
   911 | D:1      | Reached skill level 1 in Necromancy
   911 | D:1      | Reached skill level 1 in Translocations
   911 | D:1      | Reached skill level 1 in Transmutations
   911 | D:1      | Reached skill level 1 in Fire Magic
   911 | D:1      | Reached skill level 1 in Ice Magic
   911 | D:1      | Reached skill level 1 in Air Magic
   911 | D:1      | Reached skill level 1 in Earth Magic
   911 | D:1      | Reached skill level 1 in Poison Magic
  1072 | D:2      | Reached XP level 5. HP: 36/37 MP: 7/12
  1211 | D:2      | Found a shimmering altar of Xom.
  1449 | D:2      | Found a faded altar of an unknown god.
  1569 | D:2      | Noticed Natasha
  1575 | D:2      | Killed Natasha
  1735 | D:2      | Noticed Natasha
  1740 | D:2      | Killed Natasha
  1749 | D:2      | Noticed Natasha
  1753 | D:2      | Killed Natasha
  1754 | D:2      | Reached skill level 2 in Invocations
  1754 | D:2      | Reached XP level 6. HP: 44/44 MP: 6/13
  1970 | D:2      | Reached skill level 5 in Dodging
  2268 | D:3      | Reached skill level 2 in Fighting
  2268 | D:3      | Reached skill level 2 in Short Blades
  2268 | D:3      | Reached skill level 2 in Long Blades
  2268 | D:3      | Reached skill level 2 in Axes
  2268 | D:3      | Reached skill level 2 in Maces & Flails
  2268 | D:3      | Reached skill level 2 in Polearms
  2268 | D:3      | Reached skill level 2 in Staves
  2268 | D:3      | Reached skill level 2 in Ranged Weapons
  2268 | D:3      | Reached skill level 2 in Throwing
  2268 | D:3      | Reached skill level 2 in Armour
  2268 | D:3      | Reached skill level 2 in Shields
  2268 | D:3      | Reached skill level 2 in Unarmed Combat
  2268 | D:3      | Reached skill level 2 in Evocations
  2297 | D:3      | Found a shimmering blue altar of Sif Muna.
  2297 | D:3      | Found a shimmering altar of Xom.
  2692 | D:4      | Found a blossoming altar of Fedhas.
  2895 | D:4      | Found a white marble altar of Elyvilon.
  2977 | D:4      | Reached XP level 7. HP: 18/50 MP: 2/15
  3414 | D:4      | Found a hide-covered altar of Uskayaw.
  3523 | D:4      | Reached skill level 2 in Hexes
  3523 | D:4      | Reached skill level 2 in Summonings
  3523 | D:4      | Reached skill level 2 in Necromancy
  3523 | D:4      | Reached skill level 2 in Translocations
  3523 | D:4      | Reached skill level 2 in Transmutations
  3523 | D:4      | Reached skill level 2 in Fire Magic
  3523 | D:4      | Reached skill level 2 in Ice Magic
  3523 | D:4      | Reached skill level 2 in Air Magic
  3523 | D:4      | Reached skill level 2 in Earth Magic
  3523 | D:4      | Reached skill level 2 in Poison Magic
  3574 | D:4      | Noticed Dowan
  3581 | D:4      | Learned a level 4 spell: Fulminant Prism
  3597 | D:4      | Noticed Duvessa
  3623 | D:4      | Killed Dowan
  3623 | D:4      | Killed Duvessa
  3624 | D:4      | Reached skill level 5 in Stealth
  3624 | D:4      | Reached skill level 3 in Invocations
  3895 | D:4      | Noticed Blork the orc
  3904 | D:4      | Killed Blork the orc
  4024 | D:4      | Noticed Ijyb
  4040 | D:4      | Killed Ijyb
  4609 | D:5      | Entered Level 5 of the Dungeon
  4684 | D:5      | Found a sparkling altar of Nemelex Xobeh.
  4698 | D:5      | Found an ancient bone altar of Kikubaaqudgha.
  4806 | D:5      | Reached skill level 3 in Fighting
  4806 | D:5      | Reached skill level 3 in Short Blades
  4806 | D:5      | Reached skill level 3 in Long Blades
  4806 | D:5      | Reached skill level 3 in Axes
  4806 | D:5      | Reached skill level 3 in Maces & Flails
  4806 | D:5      | Reached skill level 3 in Polearms
  4806 | D:5      | Reached skill level 3 in Staves
  4806 | D:5      | Reached skill level 3 in Ranged Weapons
  4806 | D:5      | Reached skill level 3 in Throwing
  4806 | D:5      | Reached skill level 3 in Armour
  4806 | D:5      | Reached skill level 3 in Shields
  4806 | D:5      | Reached skill level 3 in Unarmed Combat
  4806 | D:5      | Reached skill level 3 in Evocations
  4806 | D:5      | Reached XP level 8. HP: 52/58 MP: 11/16
  4998 | D:5      | Found a glowing drain.
  5002 | Sewer    | Entered a sewer
  5612 | D:5      | Noticed Sigmund
  5619 | D:5      | Killed Sigmund
  5620 | D:5      | Reached skill level 6 in Spellcasting
  6175 | D:5      | Reached skill level 3 in Hexes
  6175 | D:5      | Reached skill level 3 in Summonings
  6175 | D:5      | Reached skill level 3 in Necromancy
  6175 | D:5      | Reached skill level 3 in Translocations
  6175 | D:5      | Reached skill level 3 in Transmutations
  6175 | D:5      | Reached skill level 3 in Fire Magic
  6175 | D:5      | Reached skill level 3 in Ice Magic
  6175 | D:5      | Reached skill level 3 in Air Magic
  6175 | D:5      | Reached skill level 3 in Earth Magic
  6175 | D:5      | Reached skill level 3 in Poison Magic
  6175 | D:5      | Reached skill level 4 in Invocations
  6334 | D:6      | Reached skill level 6 in Dodging
  6348 | D:6      | Reached XP level 9. HP: 56/65 MP: 4/18
  6358 | D:6      | Reached skill level 4 in Fighting
  6358 | D:6      | Reached skill level 4 in Short Blades
  6358 | D:6      | Reached skill level 4 in Long Blades
  6358 | D:6      | Reached skill level 4 in Axes
  6358 | D:6      | Reached skill level 4 in Maces & Flails
  6358 | D:6      | Reached skill level 4 in Polearms
  6358 | D:6      | Reached skill level 4 in Staves
  6358 | D:6      | Reached skill level 4 in Ranged Weapons
  6358 | D:6      | Reached skill level 4 in Throwing
  6358 | D:6      | Reached skill level 4 in Armour
  6358 | D:6      | Reached skill level 4 in Shields
  6358 | D:6      | Reached skill level 4 in Unarmed Combat
  6358 | D:6      | Reached skill level 4 in Evocations
  6526 | D:6      | Found a staircase to the Ecumenical Temple.
  6571 | Temple   | Entered the Ecumenical Temple
  6588 | Temple   | Became a worshipper of Ashenzari the Shackled
  6657 | D:6      | Identified the +3 leather armour of Existentialism {MP+9}
  6924 | D:7      | Reached skill level 6 in Stealth
  6924 | D:7      | Reached skill level 8 in Conjurations
  7453 | D:7      | Reached skill level 5 in Invocations
  8167 | D:7      | Found a snail-covered altar of Cheibriados.
  8355 | D:8      | Noticed Grum
  8373 | D:7      | Reached skill level 7 in Spellcasting
  8386 | D:7      | Reached skill level 4 in Hexes
  8386 | D:7      | Reached skill level 4 in Summonings
  8386 | D:7      | Reached skill level 4 in Necromancy
  8386 | D:7      | Reached skill level 4 in Translocations
  8386 | D:7      | Reached skill level 4 in Transmutations
  8386 | D:7      | Reached skill level 4 in Fire Magic
  8386 | D:7      | Reached skill level 4 in Ice Magic
  8386 | D:7      | Reached skill level 4 in Air Magic
  8386 | D:7      | Reached skill level 4 in Earth Magic
  8386 | D:7      | Reached skill level 4 in Poison Magic
  8802 | D:7      | Reached skill level 5 in Fighting
  8802 | D:7      | Reached skill level 5 in Short Blades
  8802 | D:7      | Reached skill level 5 in Long Blades
  8802 | D:7      | Reached skill level 5 in Axes
  8802 | D:7      | Reached skill level 5 in Maces & Flails
  8802 | D:7      | Reached skill level 5 in Polearms
  8802 | D:7      | Reached skill level 5 in Staves
  8802 | D:7      | Reached skill level 5 in Ranged Weapons
  8802 | D:7      | Reached skill level 5 in Throwing
  8802 | D:7      | Reached skill level 5 in Armour
  8802 | D:7      | Reached skill level 5 in Shields
  8802 | D:7      | Reached skill level 5 in Unarmed Combat
  8802 | D:7      | Reached skill level 5 in Evocations
  8802 | D:7      | Reached XP level 10. HP: 42/74 MP: 20/20
  9189 | D:8      | Reached skill level 7 in Dodging
  9930 | D:8      | Killed Grum
 10017 | D:8      | Noticed a kobold demonologist
 10025 | D:8      | Reached skill level 6 in Invocations
 10028 | D:8      | Killed a kobold demonologist
 10029 | D:8      | Reached skill level 7 in Stealth
 10174 | D:8      | Noticed a kobold demonologist
 10187 | D:8      | Killed a kobold demonologist
 10332 | D:8      | Noticed a kobold demonologist
 10338 | D:8      | Killed a kobold demonologist
 10500 | D:8      | Learned a level 5 spell: Freezing Cloud
 10500 | D:8      | Reached * piety under Ashenzari
 10500 | D:8      | Reached ** piety under Ashenzari
 10672 | D:8      | Found a staircase to the Lair.
 10733 | D:8      | Found a transporter.
 10733 | D:8      | Noticed Vorhees's ghost (novice DjNe)
 10734 | D:8      | Found a transporter.
 10734 | D:8      | Noticed a two-headed ogre
 11250 | D:9      | Found a sacrificial altar of Ru.
 11616 | D:9      | Found a transporter.
 11622 | D:9      | Found a viscous altar of Jiyva.
 11806 | D:9      | Reached skill level 6 in Fighting
 11806 | D:9      | Reached skill level 6 in Short Blades
 11806 | D:9      | Reached skill level 6 in Long Blades
 11806 | D:9      | Reached skill level 6 in Axes
 11806 | D:9      | Reached skill level 6 in Maces & Flails
 11806 | D:9      | Reached skill level 6 in Polearms
 11806 | D:9      | Reached skill level 6 in Staves
 11806 | D:9      | Reached skill level 6 in Ranged Weapons
 11806 | D:9      | Reached skill level 6 in Throwing
 11806 | D:9      | Reached skill level 6 in Armour
 11806 | D:9      | Reached skill level 6 in Shields
 11806 | D:9      | Reached skill level 6 in Unarmed Combat
 11806 | D:9      | Reached skill level 5 in Hexes
 11806 | D:9      | Reached skill level 5 in Summonings
 11806 | D:9      | Reached skill level 5 in Necromancy
 11806 | D:9      | Reached skill level 5 in Translocations
 11806 | D:9      | Reached skill level 5 in Transmutations
 11806 | D:9      | Reached skill level 5 in Fire Magic
 11806 | D:9      | Reached skill level 5 in Ice Magic
 11806 | D:9      | Reached skill level 5 in Air Magic
 11806 | D:9      | Reached skill level 5 in Earth Magic
 11806 | D:9      | Reached skill level 5 in Poison Magic
 11806 | D:9      | Reached skill level 6 in Evocations
 11806 | D:9      | HP: 7/79 [poisoned by a hornet]
 11809 | D:9      | HP: 2/79 [poisoned by a hornet]
 12328 | D:10     | Entered Level 10 of the Dungeon
 12328 | D:10     | Noticed Joseph
 12328 | D:10     | Noticed a two-headed ogre
 12437 | D:10     | Reached skill level 8 in Spellcasting
 12437 | D:10     | Reached XP level 11. HP: 37/84 MP: 23/24
 12442 | D:10     | HP: 6/84 [Joseph/sling bullet (14)]
 12447 | D:10     | Shot with a sling bullet by Joseph

Vanquished Creatures
  3 kobold demonologists (D:8)
  A komodo dragon (D:8)
  A troll (D:10)
  A hornet (D:9)
  Sigmund (D:5)
  3 wyverns
  A wraith (D:7)
  Grum (D:8)
  Duvessa (D:4)
  3 sky beasts
  A black bear (D:6)
  5 orc warriors
  An ogre (D:9)
  4 wolves (D:7)
  4 centaurs
  Blork the orc (D:4)
  3 kobold brigands
  5 bullfrogs
  2 necrophages
  2 scorpions (D:7)
  Dowan (D:4)
  2 electric eels (D:7)
  8 howler monkeys
  A crimson imp (D:5)
  3 quasits
  A jelly (D:6)
  9 orc priests
  3 hounds
  A gnoll bouda (D:9)
  Terence (D:1)
  9 orc wizards
  Ijyb (D:4)
  Natasha (thrice) (D:2)
  3 iguanas
  A hell rat (Sewer)
  12 gnolls
  4 adders
  2 river rats (Sewer)
  6 shadow imps (D:8)
  3 white imps
  11 ufetubi
  2 worms (D:2)
  5 dart slugs
  31 orcs
  3 bats
  9 endoplasms
  5 giant cockroaches
  7 goblins
  15 hobgoblins
  4 jackals
  3 quokkas
  8 ball pythons
  7 frilled lizards
  12 kobolds
  13 rats
253 creatures vanquished.

Vanquished Creatures (others)
  3 demonic plants (D:8)
  56 fulminant prisms
  46 plants
105 creatures vanquished.

Grand Total: 358 creatures vanquished
